[ PARTIDA AOE2 · #483586743 ]
UnrankedYurchen vs Bohemians
Equipo del jugador · DERR
[ ANÁLISIS DE REPETICIÓN · EXTRAÍDO DE LA PARTIDA GRABADA ]
Feudal
10:55
Castillos
14:37
Imperial
28:04
| APM promedio | 65.1 |
| APM pico | 128 |
| eAPM promedio | 42.1 |
| Aldeanos / militares | 208 / 432 |
Foco
⚔️ 56.4% · 🌾 43.6%
Unknown (1908) ×320 · Steppe Lancer ×317 · Scout Cavalry ×82 · Trade Cart ×60 · Battering Ram ×25 · Monk ×4
Feudal
11:46
Castillos
15:20
Imperial
31:42
| APM promedio | 62.8 |
| APM pico | 115 |
| eAPM promedio | 35.1 |
| Aldeanos / militares | 166 / 409 |
Foco
⚔️ 38.7% · 🌾 61.3%
Hand Cannoneer ×206 · Skirmisher ×124 · Trade Cart ×69 · Conquistador ×41 · Trebuchet (Packed) ×17 · Bombard Cannon ×15
Feudal
11:21
Castillos
14:55
Imperial
28:02
| APM promedio | 53.2 |
| APM pico | 82 |
| eAPM promedio | 31.0 |
| Aldeanos / militares | 174 / 231 |
Foco
⚔️ 29.5% · 🌾 70.5%
Militia ×125 · Trade Cart ×66 · Hussite Wagon ×39 · Bombard Cannon ×28 · Spearman ×26 · Monk ×7
Feudal
10:56
Castillos
14:30
Imperial
28:09
| APM promedio | 57.3 |
| APM pico | 117 |
| eAPM promedio | 32.4 |
| Aldeanos / militares | 252 / 544 |
Foco
⚔️ 43.8% · 🌾 56.2%
Spearman ×475 · Unknown (882) ×345 · Trade Cart ×91 · Mangonel ×52 · Trebuchet (Packed) ×14 · Monk ×2
Feudal
11:21
Castillos
14:51
Imperial
27:31
| APM promedio | 40.1 |
| APM pico | 85 |
| eAPM promedio | 31.2 |
| Aldeanos / militares | 177 / 1167 |
Foco
⚔️ 48.5% · 🌾 51.5%
Scout Cavalry ×577 · Knight ×493 · Spearman ×60 · Trade Cart ×38 · Bombard Cannon ×28 · Trebuchet (Packed) ×6
Feudal
11:25
Castillos
14:59
Imperial
28:44
| APM promedio | 52.9 |
| APM pico | 91 |
| eAPM promedio | 36.1 |
| Aldeanos / militares | 288 / 449 |
Foco
⚔️ 37.3% · 🌾 62.7%
Skirmisher ×244 · Genoese Crossbowman ×146 · Trade Cart ×74 · Hand Cannoneer ×35 · Bombard Cannon ×18 · Trebuchet (Packed) ×3
Feudal
11:24
Castillos
14:54
Imperial
33:49
| APM promedio | 52.0 |
| APM pico | 89 |
| eAPM promedio | 30.3 |
| Aldeanos / militares | 229 / 507 |
Foco
⚔️ 33.9% · 🌾 66.1%
Spearman ×215 · Cavalry Archer ×153 · Skirmisher ×116 · Archer ×16 · Trade Cart ×15 · Trebuchet (Packed) ×5
Feudal
10:01
Castillos
13:34
Imperial
27:21
| APM promedio | 63.2 |
| APM pico | 139 |
| eAPM promedio | 38.0 |
| Aldeanos / militares | 237 / 573 |
Foco
⚔️ 49.5% · 🌾 50.5%
Scout Cavalry ×277 · Knight ×179 · Hand Cannoneer ×75 · Trade Cart ×74 · Bombard Cannon ×27 · Trebuchet (Packed) ×8
Mapa de la partida
Recursos iniciales + cada clic de construcción. Líneas = muros · curvas = relieve. ◆ oro · ⬟ piedra · ● bayas · ✦ reliquia · ◌ hueco del cierre
Tu base· ✓ Cerrada en 14:37 · 8t muro · 4 puerta(s)
Base de MiMitraglietta· ✓ Cerrada en 15:20 · 0t muro · 3 puerta(s)
Base de Kevin的下分小幫手· ✓ Cerrada en 14:55 · 0t muro · 2 puerta(s)
Base de Sessagesimale· ✓ Cerrada en 14:30 · 0t muro · 2 puerta(s)
Base de FUFU· ✓ Cerrada en 14:51 · 0t muro · 3 puerta(s)
Base de Monesi28· ✓ Cerrada en 14:59 · 0t muro · 2 puerta(s)
Base de 默默默默默· ✓ Cerrada en 14:54 · 3t muro · 2 puerta(s)
Base de Kevin10_7414· ✓ Cerrada en 13:34 · 14t muro · 2 puerta(s)
Terreno inicial suavizado · ◌ = hueco del cierre detectado · pasá el cursor para detalles
Inputs por minuto
— Elefante Elegante - - MiMitraglietta
Build order — Elefante Elegante
Primeras 150 de 1321 acciones detectadas
| 0:01 | Crear | Villager (Male) |
| 0:01 | Crear | Villager (Male) |
| 0:02 | Crear | Villager (Male) |
| 0:02 | Crear | Villager (Male) |
| 0:03 | Construir | House |
| 0:05 | Construir | House |
| 1:30 | Crear | Villager (Male) |
| 1:30 | Crear | Villager (Male) |
| 1:30 | Crear | Villager (Male) |
| 1:37 | Crear | Villager (Male) |
| 2:00 | Construir | Lumber Camp |
| 2:10 | Crear | Villager (Male) |
| 2:10 | Crear | Villager (Male) |
| 2:34 | Crear | Villager (Male) |
| 2:34 | Crear | Villager (Male) |
| 3:09 | Crear | Villager (Male) |
| 3:09 | Crear | Villager (Male) |
| 3:28 | Crear | Villager (Male) |
| 3:28 | Crear | Villager (Male) |
| 3:28 | Crear | Villager (Male) |
| 3:38 | Construir | Mill |
| 3:56 | Construir | House |
| 3:57 | Construir | House |
| 4:11 | Crear | Villager (Male) |
| 4:11 | Crear | Villager (Male) |
| 4:11 | Crear | Villager (Male) |
| 4:16 | Construir | House |
| 4:27 | Crear | Villager (Male) |
| 4:27 | Crear | Villager (Male) |
| 4:51 | Crear | Villager (Male) |
| 4:51 | Crear | Villager (Male) |
| 5:17 | Crear | Villager (Male) |
| 5:17 | Crear | Villager (Male) |
| 5:20 | Construir | Palisade Gate |
| 5:27 | Construir | Palisade Gate |
| 5:44 | Construir | Palisade Wall |
| 5:47 | Construir | Palisade Wall |
| 5:49 | Construir | Palisade Wall |
| 5:52 | Construir | Palisade Wall |
| 5:53 | Crear | Villager (Male) |
| 5:53 | Crear | Villager (Male) |
| 5:53 | Crear | Villager (Male) |
| 5:54 | Crear | Villager (Male) |
| 5:56 | Construir | Palisade Wall |
| 6:00 | Construir | Palisade Wall |
| 6:03 | Construir | Palisade Wall |
| 6:05 | Crear | Villager (Male) |
| 6:08 | Construir | Palisade Wall |
| 6:18 | Crear | Villager (Male) |
| 6:40 | Crear | Villager (Male) |
| 7:11 | Crear | Villager (Male) |
| 7:11 | Crear | Villager (Male) |
| 8:01 | Construir | Mining Camp |
| 8:20 | Crear | Villager (Male) |
| 8:29 | Investigar | Feudal Age |
| 8:55 | Construir | House |
| 10:23 | Crear | Villager (Male) |
| 10:23 | Crear | Villager (Male) |
| 10:55 | Edad | Edad Feudal |
| 11:03 | Construir | Blacksmith |
| 11:05 | Construir | Market |
| 11:17 | Investigar | Double-Bit Axe |
| 11:18 | Investigar | Double-Bit Axe |
| 11:54 | Investigar | Horse Collar |
| 11:57 | Investigar | Castle Age |
| 11:57 | Investigar | Castle Age |
| 11:57 | Investigar | Castle Age |
| 12:14 | Construir | Farm |
| 12:18 | Construir | Farm |
| 12:38 | Construir | Farm |
| 12:52 | Construir | Farm |
| 13:53 | Crear | Villager (Male) |
| 14:08 | Construir | House |
| 14:37 | Edad | Edad de los Castillos |
| 14:40 | Construir | Town Center |
| 14:44 | Construir | Town Center |
| 15:00 | Crear | Villager (Male) |
| 15:04 | Investigar | Heavy Plow |
| 15:04 | Investigar | Heavy Plow |
| 15:11 | Construir | Farm |
| 15:30 | Crear | Villager (Male) |
| 15:34 | Construir | Farm |
| 15:51 | Crear | Villager (Male) |
| 15:59 | Crear | Villager (Male) |
| 16:01 | Construir | Farm |
| 16:02 | Investigar | Bow Saw |
| 16:08 | Construir | Farm |
| 16:09 | Construir | Farm |
| 16:13 | Crear | Villager (Male) |
| 16:16 | Construir | Farm |
| 16:19 | Crear | Villager (Male) |
| 16:19 | Crear | Villager (Male) |
| 16:20 | Crear | Villager (Male) |
| 16:26 | Construir | Farm |
| 16:45 | Crear | Villager (Male) |
| 16:46 | Crear | Villager (Male) |
| 16:46 | Crear | Villager (Male) |
| 16:47 | Crear | Villager (Male) |
| 16:49 | Construir | Farm |
| 16:50 | Construir | Farm |
| 17:03 | Construir | Farm |
| 17:05 | Construir | Farm |
| 17:06 | Crear | Villager (Male) |
| 17:06 | Crear | Villager (Male) |
| 17:06 | Crear | Villager (Male) |
| 17:12 | Construir | Farm |
| 17:15 | Crear | Villager (Male) |
| 17:15 | Crear | Villager (Male) |
| 17:16 | Crear | Villager (Male) |
| 17:24 | Construir | Farm |
| 17:25 | Crear | Villager (Male) |
| 17:25 | Crear | Villager (Male) |
| 17:31 | Construir | Farm |
| 17:35 | Crear | Villager (Male) |
| 17:35 | Crear | Villager (Male) |
| 17:44 | Construir | Farm |
| 17:49 | Construir | Farm |
| 17:51 | Crear | Villager (Male) |
| 17:52 | Crear | Villager (Male) |
| 17:52 | Crear | Villager (Male) |
| 17:55 | Crear | Villager (Male) |
| 17:55 | Crear | Villager (Male) |
| 18:03 | Construir | House |
| 18:04 | Construir | House |
| 18:04 | Crear | Villager (Male) |
| 18:05 | Crear | Villager (Male) |
| 18:08 | Construir | Farm |
| 18:15 | Construir | House |
| 18:15 | Construir | House |
| 18:16 | Crear | Villager (Male) |
| 18:16 | Crear | Villager (Male) |
| 18:16 | Crear | Villager (Male) |
| 18:19 | Construir | Farm |
| 18:22 | Crear | Villager (Male) |
| 18:23 | Crear | Villager (Male) |
| 18:28 | Crear | Villager (Male) |
| 18:28 | Crear | Villager (Male) |
| 18:33 | Construir | Farm |
| 18:35 | Crear | Villager (Male) |
| 18:35 | Crear | Villager (Male) |
| 18:36 | Crear | Villager (Male) |
| 18:44 | Construir | Farm |
| 18:51 | Crear | Villager (Male) |
| 18:51 | Crear | Villager (Male) |
| 19:00 | Crear | Villager (Male) |
| 19:00 | Crear | Villager (Male) |
| 19:10 | Crear | Villager (Male) |
| 19:17 | Crear | Villager (Male) |
| 19:17 | Crear | Villager (Male) |
| 19:24 | Construir | Town Center |
Build order — MiMitraglietta
Primeras 150 de 907 acciones detectadas
| 0:01 | Crear | Villager (Male) |
| 0:01 | Crear | Villager (Male) |
| 0:01 | Crear | Villager (Male) |
| 0:02 | Construir | House |
| 0:03 | Construir | House |
| 0:10 | Crear | Villager (Male) |
| 1:27 | Crear | Villager (Male) |
| 1:27 | Crear | Villager (Male) |
| 1:59 | Crear | Villager (Male) |
| 1:59 | Crear | Villager (Male) |
| 2:00 | Construir | Lumber Camp |
| 2:12 | Investigar | Loom |
| 2:16 | Crear | Villager (Male) |
| 2:16 | Crear | Villager (Male) |
| 2:47 | Crear | Villager (Male) |
| 3:04 | Crear | Villager (Male) |
| 3:05 | Crear | Villager (Male) |
| 3:35 | Crear | Villager (Male) |
| 3:35 | Crear | Villager (Male) |
| 4:06 | Crear | Villager (Male) |
| 4:06 | Crear | Villager (Male) |
| 4:08 | Construir | House |
| 4:11 | Construir | House |
| 4:31 | Crear | Villager (Male) |
| 4:31 | Crear | Villager (Male) |
| 4:37 | Construir | House |
| 4:45 | Construir | Mill |
| 4:51 | Crear | Villager (Male) |
| 5:37 | Crear | Villager (Male) |
| 5:54 | Construir | Mill |
| 6:07 | Crear | Villager (Male) |
| 6:07 | Crear | Villager (Male) |
| 6:08 | Crear | Villager (Male) |
| 6:49 | Crear | Villager (Male) |
| 7:12 | Crear | Villager (Male) |
| 7:30 | Crear | Villager (Male) |
| 7:55 | Construir | Farm |
| 8:05 | Crear | Villager (Male) |
| 8:24 | Construir | Mining Camp |
| 8:26 | Construir | Farm |
| 8:39 | Crear | Villager (Male) |
| 8:51 | Crear | Villager (Male) |
| 8:51 | Investigar | Feudal Age |
| 9:18 | Construir | Mining Camp |
| 9:38 | Construir | Farm |
| 10:13 | Crear | Villager (Male) |
| 10:13 | Crear | Villager (Male) |
| 11:11 | Construir | House |
| 11:46 | Edad | Edad Feudal |
| 11:49 | Construir | Blacksmith |
| 11:50 | Construir | Market |
| 12:37 | Investigar | Double-Bit Axe |
| 12:40 | Investigar | Castle Age |
| 12:53 | Investigar | Horse Collar |
| 13:08 | Construir | Farm |
| 13:33 | Construir | Farm |
| 13:52 | Construir | Farm |
| 14:12 | Construir | Farm |
| 14:20 | Construir | Farm |
| 15:06 | Crear | Villager (Male) |
| 15:20 | Edad | Edad de los Castillos |
| 15:25 | Construir | Castle |
| 15:34 | Crear | Villager (Male) |
| 15:42 | Construir | Farm |
| 15:45 | Construir | Farm |
| 16:04 | Crear | Villager (Male) |
| 16:27 | Crear | Conquistador |
| 16:27 | Crear | Conquistador |
| 16:28 | Crear | Villager (Male) |
| 16:30 | Investigar | Bow Saw |
| 16:50 | Crear | Villager (Male) |
| 16:51 | Construir | Farm |
| 16:53 | Construir | Farm |
| 16:55 | Crear | Conquistador |
| 17:06 | Construir | House |
| 17:07 | Crear | Villager (Male) |
| 17:11 | Crear | Conquistador |
| 17:29 | Crear | Villager (Male) |
| 17:31 | Construir | Farm |
| 17:35 | Construir | Farm |
| 17:56 | Crear | Petard |
| 17:56 | Crear | Petard |
| 18:12 | Crear | Villager (Male) |
| 18:25 | Crear | Villager (Male) |
| 18:28 | Construir | Farm |
| 18:34 | Crear | Petard |
| 18:44 | Crear | Villager (Male) |
| 18:49 | Crear | Conquistador |
| 19:07 | Crear | Conquistador |
| 19:08 | Crear | Villager (Male) |
| 19:11 | Construir | Farm |
| 19:23 | Construir | Town Center |
| 19:32 | Crear | Villager (Male) |
| 19:33 | Crear | Conquistador |
| 19:36 | Construir | House |
| 20:21 | Crear | Conquistador |
| 20:21 | Crear | Villager (Male) |
| 20:22 | Crear | Villager (Male) |
| 20:22 | Crear | Villager (Male) |
| 20:33 | Construir | House |
| 20:39 | Crear | Petard |
| 20:39 | Crear | Petard |
| 20:43 | Construir | Town Center |
| 20:46 | Crear | Villager (Male) |
| 20:58 | Crear | Petard |
| 21:06 | Construir | House |
| 21:07 | Crear | Villager (Male) |
| 21:07 | Crear | Villager (Male) |
| 21:19 | Construir | Farm |
| 21:21 | Crear | Villager (Male) |
| 21:24 | Construir | Farm |
| 21:26 | Construir | Farm |
| 21:31 | Construir | House |
| 21:32 | Crear | Villager (Male) |
| 21:50 | Crear | Villager (Male) |
| 21:51 | Crear | Villager (Male) |
| 21:54 | Crear | Villager (Male) |
| 21:57 | Construir | Farm |
| 21:58 | Construir | Farm |
| 22:00 | Construir | Farm |
| 22:01 | Crear | Villager (Male) |
| 22:01 | Crear | Villager (Male) |
| 22:06 | Construir | House |
| 22:07 | Construir | House |
| 22:08 | Crear | Villager (Male) |
| 22:17 | Construir | Farm |
| 22:28 | Crear | Conquistador |
| 22:29 | Crear | Conquistador |
| 22:45 | Crear | Villager (Male) |
| 22:49 | Construir | Farm |
| 22:51 | Construir | Farm |
| 22:53 | Construir | Farm |
| 23:03 | Crear | Villager (Male) |
| 23:04 | Crear | Villager (Male) |
| 23:06 | Construir | Farm |
| 23:14 | Construir | Barracks |
| 23:17 | Crear | Villager (Male) |
| 23:17 | Crear | Villager (Male) |
| 23:19 | Crear | Villager (Male) |
| 23:23 | Investigar | Wheelbarrow |
| 23:26 | Investigar | Padded Archer Armor |
| 23:37 | Crear | Villager (Male) |
| 23:39 | Construir | Farm |
| 23:39 | Construir | Farm |
| 23:40 | Construir | Farm |
| 23:46 | Crear | Villager (Male) |
| 23:49 | Construir | House |
| 23:50 | Construir | House |
| 23:53 | Crear | Villager (Male) |
| 24:13 | Crear | Villager (Male) |
Build order — Kevin的下分小幫手
Primeras 150 de 553 acciones detectadas
| 0:00 | Crear | Villager (Male) |
| 0:01 | Crear | Villager (Male) |
| 0:01 | Crear | Villager (Male) |
| 0:02 | Construir | House |
| 0:06 | Construir | House |
| 0:07 | Construir | House |
| 0:13 | Crear | Villager (Male) |
| 1:03 | Investigar | Loom |
| 1:26 | Crear | Villager (Male) |
| 1:58 | Construir | Lumber Camp |
| 2:00 | Crear | Villager (Male) |
| 2:00 | Crear | Villager (Male) |
| 2:26 | Crear | Villager (Male) |
| 2:42 | Crear | Villager (Male) |
| 2:42 | Crear | Villager (Male) |
| 3:08 | Crear | Villager (Male) |
| 3:09 | Crear | Villager (Male) |
| 3:09 | Crear | Villager (Male) |
| 3:29 | Construir | House |
| 3:31 | Construir | House |
| 3:33 | Construir | House |
| 3:52 | Crear | Villager (Male) |
| 3:52 | Crear | Villager (Male) |
| 4:15 | Crear | Villager (Male) |
| 4:15 | Crear | Villager (Male) |
| 4:29 | Crear | Villager (Male) |
| 4:42 | Construir | Mill |
| 5:12 | Crear | Villager (Male) |
| 5:13 | Crear | Villager (Male) |
| 5:13 | Crear | Villager (Male) |
| 5:22 | Construir | Mill |
| 6:04 | Crear | Villager (Male) |
| 6:04 | Crear | Villager (Male) |
| 6:16 | Crear | Villager (Male) |
| 6:16 | Crear | Villager (Male) |
| 6:18 | Construir | Farm |
| 6:52 | Crear | Villager (Male) |
| 6:52 | Crear | Villager (Male) |
| 7:10 | Construir | Farm |
| 7:37 | Construir | Farm |
| 8:04 | Construir | Mining Camp |
| 8:32 | Crear | Villager (Male) |
| 9:03 | Construir | Mining Camp |
| 9:05 | Investigar | Feudal Age |
| 9:20 | Crear | Villager (Male) |
| 9:21 | Crear | Villager (Male) |
| 11:21 | Edad | Edad Feudal |
| 11:24 | Construir | Blacksmith |
| 11:26 | Construir | Market |
| 12:15 | Investigar | Castle Age |
| 12:15 | Investigar | Castle Age |
| 12:36 | Construir | House |
| 12:37 | Construir | House |
| 12:46 | Investigar | Double-Bit Axe |
| 13:26 | Crear | Villager (Male) |
| 13:27 | Investigar | Horse Collar |
| 13:32 | Construir | Farm |
| 13:57 | Construir | Farm |
| 14:31 | Construir | Farm |
| 14:33 | Construir | Farm |
| 14:34 | Construir | Farm |
| 14:55 | Edad | Edad de los Castillos |
| 15:02 | Construir | Castle |
| 15:07 | Crear | Villager (Male) |
| 15:15 | Crear | Villager (Male) |
| 15:20 | Investigar | Bow Saw |
| 15:20 | Investigar | Bow Saw |
| 16:04 | Crear | Villager (Male) |
| 16:14 | Construir | Farm |
| 16:20 | Crear | Villager (Male) |
| 17:00 | Crear | Villager (Male) |
| 17:00 | Crear | Villager (Male) |
| 17:06 | Crear | Hussite Wagon |
| 17:25 | Crear | Hussite Wagon |
| 17:34 | Crear | Villager (Male) |
| 17:36 | Construir | Farm |
| 17:54 | Crear | Villager (Male) |
| 17:59 | Crear | Villager (Male) |
| 18:17 | Construir | Monastery |
| 18:19 | Crear | Villager (Male) |
| 18:23 | Crear | Hussite Wagon |
| 18:37 | Construir | Farm |
| 18:46 | Crear | Petard |
| 18:46 | Crear | Petard |
| 18:55 | Investigar | Fervor |
| 18:55 | Investigar | Fervor |
| 19:01 | Construir | Lumber Camp |
| 19:10 | Crear | Villager (Male) |
| 19:36 | Crear | Villager (Male) |
| 19:50 | Crear | Villager (Male) |
| 20:05 | Crear | Villager (Male) |
| 20:08 | Construir | Town Center |
| 20:22 | Crear | Villager (Male) |
| 20:24 | Construir | Farm |
| 20:26 | Construir | Farm |
| 20:27 | Construir | Farm |
| 20:28 | Crear | Villager (Male) |
| 20:50 | Construir | Farm |
| 20:51 | Crear | Villager (Male) |
| 21:03 | Construir | Farm |
| 21:04 | Construir | Farm |
| 21:04 | Construir | Farm |
| 21:32 | Crear | Villager (Male) |
| 21:32 | Crear | Villager (Male) |
| 21:32 | Crear | Villager (Male) |
| 21:52 | Crear | Villager (Male) |
| 21:55 | Investigar | Wheelbarrow |
| 22:13 | Construir | Farm |
| 22:14 | Construir | Farm |
| 22:14 | Construir | Farm |
| 22:18 | Crear | Villager (Male) |
| 22:18 | Crear | Villager (Male) |
| 22:27 | Construir | Mill |
| 22:27 | Construir | Farm |
| 22:27 | Construir | Farm |
| 22:28 | Construir | Farm |
| 22:28 | Construir | Farm |
| 22:28 | Construir | Farm |
| 22:28 | Construir | Farm |
| 22:29 | Construir | Farm |
| 22:29 | Construir | Farm |
| 22:29 | Construir | Farm |
| 22:45 | Crear | Villager (Male) |
| 22:45 | Crear | Villager (Male) |
| 23:01 | Construir | Outpost |
| 23:03 | Construir | Outpost |
| 23:16 | Crear | Villager (Male) |
| 23:16 | Crear | Villager (Male) |
| 23:18 | Construir | Farm |
| 23:18 | Construir | Farm |
| 23:40 | Investigar | Loom |
| 23:47 | Crear | Villager (Male) |
| 23:47 | Crear | Villager (Male) |
| 24:17 | Crear | Villager (Male) |
| 24:17 | Crear | Villager (Male) |
| 24:18 | Crear | Villager (Male) |
| 24:28 | Construir | Lumber Camp |
| 24:33 | Construir | Farm |
| 24:34 | Construir | Farm |
| 24:37 | Construir | Farm |
| 24:52 | Investigar | Imperial Age |
| 24:52 | Investigar | Imperial Age |
| 24:54 | Crear | Villager (Male) |
| 24:54 | Crear | Villager (Male) |
| 24:59 | Crear | Hussite Wagon |
| 25:08 | Crear | Villager (Male) |
| 25:08 | Crear | Villager (Male) |
| 25:08 | Crear | Villager (Male) |
| 25:11 | Construir | Town Center |
| 25:22 | Crear | Hussite Wagon |
Build order — Sessagesimale
Primeras 150 de 1041 acciones detectadas
| 0:01 | Crear | Villager (Male) |
| 0:01 | Crear | Villager (Male) ×4 |
| 0:02 | Crear | Villager (Male) ×3 |
| 0:03 | Construir | House |
| 0:04 | Construir | House |
| 1:24 | Crear | Villager (Male) |
| 1:24 | Crear | Villager (Male) |
| 1:52 | Construir | Lumber Camp |
| 1:59 | Crear | Villager (Male) |
| 2:19 | Crear | Villager (Male) |
| 2:46 | Crear | Villager (Male) |
| 2:47 | Crear | Villager (Male) |
| 3:02 | Crear | Villager (Male) |
| 3:32 | Crear | Villager (Male) |
| 3:32 | Crear | Villager (Male) |
| 3:47 | Crear | Villager (Male) |
| 3:47 | Crear | Villager (Male) |
| 3:59 | Construir | House |
| 4:00 | Construir | House |
| 4:01 | Construir | House |
| 4:22 | Construir | Mill |
| 4:27 | Crear | Villager (Male) |
| 4:46 | Crear | Villager (Male) |
| 5:00 | Crear | Villager (Male) |
| 5:08 | Construir | Farm |
| 5:13 | Crear | Villager (Male) |
| 5:40 | Crear | Villager (Male) |
| 5:40 | Crear | Villager (Male) |
| 5:57 | Construir | Farm |
| 6:08 | Crear | Villager (Male) |
| 6:14 | Crear | Villager (Male) |
| 6:19 | Construir | Farm |
| 6:34 | Crear | Villager (Male) |
| 7:05 | Crear | Villager (Male) |
| 7:05 | Crear | Villager (Male) |
| 7:11 | Crear | Villager (Male) |
| 7:12 | Crear | Villager (Male) |
| 7:19 | Crear | Villager (Male) |
| 7:22 | Construir | Lumber Camp |
| 7:23 | Crear | Villager (Male) |
| 7:42 | Crear | Villager (Male) |
| 7:49 | Crear | Villager (Male) |
| 7:49 | Crear | Villager (Male) |
| 8:28 | Construir | Mining Camp |
| 8:44 | Investigar | Feudal Age |
| 8:52 | Crear | Villager (Male) |
| 8:53 | Crear | Villager (Male) |
| 10:56 | Edad | Edad Feudal |
| 10:58 | Construir | Market |
| 11:00 | Construir | Blacksmith |
| 11:50 | Investigar | Castle Age |
| 11:50 | Investigar | Castle Age |
| 11:59 | Construir | Mill |
| 12:27 | Investigar | Double-Bit Axe |
| 13:10 | Investigar | Horse Collar |
| 13:20 | Construir | House |
| 13:43 | Crear | Villager (Male) |
| 14:23 | Crear | Villager (Male) |
| 14:30 | Edad | Edad de los Castillos |
| 14:31 | Construir | Town Center |
| 14:33 | Construir | Town Center |
| 14:54 | Crear | Villager (Male) |
| 14:59 | Construir | House |
| 15:10 | Crear | Villager (Male) |
| 15:31 | Crear | Villager (Male) |
| 15:40 | Crear | Villager (Male) |
| 15:42 | Investigar | Bow Saw |
| 15:49 | Crear | Villager (Male) |
| 15:51 | Crear | Villager (Male) |
| 15:52 | Crear | Villager (Male) |
| 15:53 | Crear | Villager (Male) |
| 15:54 | Crear | Villager (Male) |
| 15:58 | Construir | Farm |
| 16:06 | Construir | Farm |
| 16:07 | Construir | Farm |
| 16:07 | Construir | Farm |
| 16:07 | Construir | Farm |
| 16:08 | Construir | Farm |
| 16:19 | Construir | Farm |
| 16:24 | Crear | Villager (Male) |
| 16:35 | Crear | Villager (Male) |
| 16:38 | Construir | House |
| 16:41 | Construir | Farm |
| 16:42 | Construir | Farm |
| 16:47 | Construir | Farm |
| 16:49 | Construir | Farm |
| 16:50 | Construir | Farm |
| 16:59 | Crear | Villager (Male) |
| 17:00 | Crear | Villager (Male) |
| 17:01 | Construir | Farm |
| 17:12 | Construir | Farm |
| 17:13 | Crear | Villager (Male) |
| 17:13 | Crear | Villager (Male) |
| 17:16 | Construir | Farm |
| 17:17 | Construir | Farm |
| 17:19 | Construir | Farm |
| 17:29 | Construir | Farm |
| 17:29 | Crear | Villager (Male) |
| 17:32 | Construir | Farm |
| 17:34 | Construir | Farm |
| 17:41 | Construir | Farm |
| 17:42 | Crear | Villager (Male) |
| 17:42 | Crear | Villager (Male) |
| 17:54 | Crear | Villager (Male) |
| 17:55 | Crear | Villager (Male) |
| 18:09 | Crear | Villager (Male) |
| 18:09 | Crear | Villager (Male) |
| 18:09 | Crear | Villager (Male) |
| 18:14 | Crear | Villager (Male) |
| 18:24 | Construir | Town Center |
| 18:25 | Crear | Villager (Male) |
| 18:25 | Crear | Villager (Male) |
| 18:30 | Crear | Villager (Male) |
| 18:35 | Construir | Farm |
| 18:36 | Construir | Farm |
| 18:36 | Crear | Villager (Male) |
| 18:44 | Construir | Lumber Camp |
| 18:47 | Crear | Villager (Male) |
| 18:52 | Crear | Villager (Male) |
| 18:52 | Crear | Villager (Male) |
| 19:00 | Crear | Villager (Male) |
| 19:00 | Crear | Villager (Male) |
| 19:03 | Crear | Villager (Male) |
| 19:05 | Construir | House |
| 19:13 | Crear | Villager (Male) |
| 19:14 | Crear | Villager (Male) |
| 19:16 | Construir | House |
| 19:17 | Construir | House |
| 19:17 | Crear | Villager (Male) |
| 19:24 | Investigar | Wheelbarrow |
| 19:24 | Investigar | Wheelbarrow |
| 19:30 | Crear | Villager (Male) |
| 19:30 | Crear | Villager (Male) |
| 19:33 | Construir | Farm |
| 19:35 | Construir | Farm |
| 19:35 | Construir | Farm |
| 19:35 | Construir | Farm |
| 19:35 | Construir | Farm |
| 19:36 | Construir | Farm |
| 19:36 | Crear | Villager (Male) |
| 19:37 | Crear | Villager (Male) |
| 19:39 | Crear | Villager (Male) |
| 19:39 | Crear | Villager (Male) |
| 19:44 | Crear | Villager (Male) |
| 19:44 | Crear | Villager (Male) |
| 19:56 | Construir | Farm |
| 19:56 | Construir | Farm |
| 19:57 | Crear | Villager (Male) |
| 20:03 | Investigar | Gold Mining |
| 20:03 | Investigar | Gold Mining |
Build order — FUFU
Primeras 150 de 924 acciones detectadas
| 0:01 | Crear | Villager (Male) |
| 0:01 | Crear | Villager (Male) |
| 0:01 | Crear | Villager (Male) |
| 0:03 | Construir | House |
| 0:04 | Construir | House |
| 0:29 | Crear | Villager (Male) |
| 1:27 | Crear | Villager (Male) |
| 1:27 | Crear | Villager (Male) |
| 1:45 | Construir | Lumber Camp |
| 2:00 | Crear | Villager (Male) |
| 2:14 | Crear | Villager (Male) |
| 2:47 | Crear | Villager (Male) |
| 3:01 | Crear | Villager (Male) |
| 3:34 | Crear | Villager (Male) |
| 3:34 | Crear | Villager (Male) |
| 3:49 | Construir | House |
| 3:53 | Construir | House |
| 3:55 | Construir | House |
| 3:56 | Construir | House |
| 4:02 | Crear | Villager (Male) |
| 4:02 | Crear | Villager (Male) |
| 4:27 | Crear | Villager (Male) |
| 4:33 | Crear | Villager (Male) |
| 4:41 | Construir | Mill |
| 5:13 | Crear | Villager (Male) |
| 5:14 | Crear | Villager (Male) |
| 5:26 | Crear | Villager (Male) |
| 5:44 | Crear | Villager (Male) |
| 6:48 | Construir | Mill |
| 6:56 | Crear | Villager (Male) |
| 6:57 | Crear | Villager (Male) |
| 6:57 | Crear | Villager (Male) |
| 7:16 | Crear | Villager (Male) |
| 7:17 | Crear | Villager (Male) |
| 7:17 | Crear | Villager (Male) |
| 7:27 | Crear | Villager (Male) |
| 8:49 | Construir | Mining Camp |
| 8:55 | Investigar | Feudal Age |
| 9:26 | Crear | Villager (Male) |
| 9:26 | Crear | Villager (Male) |
| 11:07 | Construir | Farm |
| 11:08 | Construir | Farm |
| 11:08 | Construir | Farm |
| 11:09 | Construir | Farm |
| 11:09 | Construir | Farm |
| 11:21 | Edad | Edad Feudal |
| 11:22 | Construir | Market |
| 11:24 | Construir | Blacksmith |
| 11:58 | Investigar | Horse Collar |
| 12:08 | Investigar | Castle Age |
| 12:09 | Investigar | Castle Age |
| 12:30 | Investigar | Double-Bit Axe |
| 12:30 | Investigar | Double-Bit Axe |
| 12:41 | Construir | Farm |
| 12:43 | Construir | Farm |
| 12:46 | Construir | Farm |
| 13:02 | Crear | Villager (Male) |
| 13:03 | Crear | Villager (Male) |
| 14:51 | Edad | Edad de los Castillos |
| 14:54 | Construir | Town Center |
| 15:03 | Construir | Town Center |
| 15:08 | Investigar | Bow Saw |
| 15:18 | Investigar | Heavy Plow |
| 15:36 | Investigar | Wheelbarrow |
| 15:37 | Investigar | Wheelbarrow |
| 15:51 | Construir | Farm |
| 15:54 | Crear | Villager (Male) |
| 16:12 | Construir | Farm |
| 16:20 | Crear | Villager (Male) |
| 16:23 | Crear | Villager (Male) |
| 16:29 | Construir | Farm |
| 16:31 | Crear | Villager (Male) |
| 16:33 | Crear | Villager (Male) |
| 16:37 | Crear | Villager (Male) |
| 16:46 | Crear | Villager (Male) |
| 17:02 | Crear | Villager (Male) |
| 17:04 | Crear | Villager (Male) |
| 17:19 | Construir | Mill |
| 17:19 | Crear | Villager (Male) |
| 17:27 | Construir | Mill |
| 17:28 | Crear | Villager (Male) |
| 17:42 | Construir | Mill |
| 17:43 | Crear | Villager (Male) |
| 17:47 | Construir | Farm |
| 17:50 | Construir | Farm |
| 17:53 | Construir | Farm |
| 17:54 | Crear | Villager (Male) |
| 17:55 | Crear | Villager (Male) |
| 18:00 | Construir | Farm |
| 18:04 | Construir | Farm |
| 18:14 | Crear | Villager (Male) |
| 18:18 | Construir | Farm |
| 18:20 | Construir | Farm |
| 18:21 | Crear | Villager (Male) |
| 18:24 | Construir | Farm |
| 18:27 | Construir | Farm |
| 18:33 | Construir | Farm |
| 18:36 | Crear | Villager (Male) |
| 18:36 | Crear | Villager (Male) |
| 18:44 | Construir | Farm |
| 18:45 | Crear | Villager (Male) |
| 18:46 | Crear | Villager (Male) |
| 19:02 | Construir | Town Center |
| 19:02 | Crear | Villager (Male) |
| 19:05 | Crear | Villager (Male) |
| 19:11 | Investigar | Gold Mining |
| 19:12 | Investigar | Stone Mining |
| 19:15 | Crear | Villager (Male) |
| 19:22 | Investigar | Stone Mining |
| 19:23 | Investigar | Stone Mining |
| 19:24 | Crear | Villager (Male) |
| 19:24 | Crear | Villager (Male) |
| 19:32 | Crear | Villager (Male) |
| 19:50 | Investigar | Hand Cart |
| 19:50 | Investigar | Hand Cart |
| 19:54 | Crear | Villager (Male) |
| 19:54 | Crear | Villager (Male) |
| 19:54 | Crear | Villager (Male) |
| 20:01 | Construir | Farm |
| 20:02 | Crear | Villager (Male) |
| 20:07 | Construir | Farm |
| 20:07 | Crear | Villager (Male) |
| 20:14 | Crear | Villager (Male) |
| 20:24 | Construir | Mill |
| 20:25 | Crear | Villager (Male) |
| 20:28 | Construir | House |
| 20:28 | Crear | Villager (Male) |
| 20:31 | Crear | Villager (Male) |
| 20:38 | Construir | Mill |
| 20:38 | Crear | Villager (Male) |
| 20:41 | Crear | Villager (Male) |
| 20:48 | Crear | Villager (Male) |
| 20:53 | Construir | Farm |
| 20:55 | Construir | Farm |
| 20:55 | Crear | Villager (Male) |
| 20:57 | Construir | Farm |
| 20:58 | Crear | Villager (Male) |
| 21:01 | Construir | Farm |
| 21:02 | Crear | Villager (Male) |
| 21:08 | Construir | Farm |
| 21:08 | Crear | Villager (Male) |
| 21:13 | Construir | House |
| 21:23 | Construir | Farm |
| 21:24 | Crear | Villager (Male) |
| 21:33 | Construir | Farm |
| 21:34 | Crear | Villager (Male) |
| 21:37 | Construir | House |
| 21:47 | Construir | Monastery |
| 21:48 | Crear | Villager (Male) |
| 21:51 | Crear | Villager (Male) |
Build order — Monesi28
Primeras 150 de 1313 acciones detectadas
| 0:01 | Crear | Villager (Male) |
| 0:01 | Crear | Villager (Male) |
| 0:02 | Crear | Villager (Male) |
| 0:02 | Crear | Villager (Male) |
| 0:02 | Crear | Villager (Male) |
| 0:02 | Crear | Villager (Male) |
| 0:02 | Crear | Villager (Male) |
| 0:03 | Construir | House |
| 0:05 | Construir | House |
| 1:31 | Crear | Villager (Male) |
| 1:52 | Construir | Lumber Camp |
| 1:56 | Crear | Villager (Male) |
| 1:56 | Crear | Villager (Male) |
| 2:21 | Crear | Villager (Male) |
| 2:21 | Crear | Villager (Male) |
| 2:36 | Crear | Villager (Male) |
| 3:07 | Crear | Villager (Male) |
| 3:07 | Crear | Villager (Male) |
| 3:07 | Crear | Villager (Male) |
| 3:24 | Construir | House |
| 3:27 | Construir | House |
| 3:28 | Construir | House |
| 3:34 | Crear | Villager (Male) |
| 3:34 | Crear | Villager (Male) |
| 3:34 | Crear | Villager (Male) |
| 3:56 | Crear | Villager (Male) |
| 3:56 | Crear | Villager (Male) |
| 3:57 | Crear | Villager (Male) |
| 3:57 | Crear | Villager (Male) |
| 4:30 | Crear | Villager (Male) |
| 4:30 | Crear | Villager (Male) |
| 4:42 | Crear | Villager (Male) |
| 4:42 | Crear | Villager (Male) |
| 4:57 | Crear | Villager (Male) |
| 4:57 | Crear | Villager (Male) |
| 4:57 | Crear | Villager (Male) |
| 4:57 | Crear | Villager (Male) |
| 5:10 | Construir | Mill |
| 5:17 | Crear | Villager (Male) |
| 5:18 | Crear | Villager (Male) |
| 5:18 | Crear | Villager (Male) |
| 5:18 | Crear | Villager (Male) |
| 5:57 | Crear | Villager (Male) |
| 5:57 | Crear | Villager (Male) |
| 5:57 | Crear | Villager (Male) |
| 5:57 | Crear | Villager (Male) |
| 5:58 | Crear | Villager (Male) |
| 6:24 | Construir | Farm |
| 6:26 | Construir | Farm |
| 6:45 | Crear | Villager (Male) |
| 7:04 | Construir | Mining Camp |
| 7:25 | Crear | Villager (Male) |
| 7:31 | Crear | Villager (Male) |
| 8:05 | Crear | Villager (Male) |
| 8:13 | Investigar | Feudal Age |
| 8:13 | Investigar | Feudal Age |
| 8:22 | Crear | Villager (Male) |
| 8:27 | Crear | Villager (Male) |
| 8:38 | Construir | Mill |
| 8:55 | Investigar | Feudal Age |
| 9:52 | Construir | Farm |
| 10:24 | Construir | Farm |
| 10:41 | Construir | Farm |
| 10:55 | Crear | Villager (Male) |
| 10:55 | Crear | Villager (Male) |
| 11:17 | Investigar | Loom |
| 11:25 | Edad | Edad Feudal |
| 11:28 | Construir | Blacksmith |
| 11:37 | Construir | Market |
| 12:02 | Construir | House |
| 12:02 | Construir | House |
| 12:19 | Investigar | Castle Age |
| 12:33 | Investigar | Double-Bit Axe |
| 12:35 | Investigar | Horse Collar |
| 12:59 | Crear | Villager (Male) |
| 12:59 | Crear | Villager (Male) |
| 14:59 | Edad | Edad de los Castillos |
| 15:07 | Construir | Town Center |
| 15:22 | Construir | Town Center |
| 15:25 | Crear | Villager (Male) |
| 15:35 | Investigar | Town Watch |
| 15:53 | Construir | House |
| 15:55 | Crear | Villager (Male) |
| 16:00 | Construir | Farm |
| 16:00 | Crear | Villager (Male) |
| 16:03 | Construir | Farm |
| 16:04 | Construir | Farm |
| 16:05 | Construir | Farm |
| 16:07 | Crear | Villager (Male) |
| 16:08 | Crear | Villager (Male) |
| 16:20 | Crear | Villager (Male) |
| 16:26 | Construir | House |
| 16:33 | Construir | Farm |
| 16:35 | Construir | Farm |
| 16:38 | Crear | Villager (Male) |
| 16:40 | Crear | Villager (Male) |
| 16:40 | Crear | Villager (Male) |
| 16:50 | Crear | Villager (Male) |
| 16:58 | Construir | Farm |
| 17:02 | Crear | Villager (Male) |
| 17:02 | Crear | Villager (Male) |
| 17:05 | Crear | Villager (Male) |
| 17:13 | Construir | Siege Workshop |
| 17:25 | Construir | Siege Workshop |
| 17:27 | Crear | Villager (Male) |
| 17:27 | Crear | Villager (Male) |
| 17:31 | Construir | Outpost |
| 17:37 | Construir | House |
| 17:39 | Construir | House |
| 17:41 | Crear | Villager (Male) |
| 17:49 | Crear | Villager (Male) |
| 17:53 | Investigar | Wheelbarrow |
| 18:12 | Construir | House |
| 18:13 | Construir | House |
| 18:17 | Construir | House |
| 18:27 | Crear | Villager (Male) |
| 18:31 | Crear | Mangonel |
| 18:35 | Construir | Farm |
| 18:37 | Crear | Villager (Male) |
| 18:47 | Crear | Villager (Male) |
| 18:47 | Crear | Villager (Male) |
| 18:56 | Construir | Stone Wall |
| 19:00 | Crear | Villager (Male) |
| 19:04 | Construir | Mining Camp |
| 19:05 | Crear | Villager (Male) |
| 19:13 | Construir | Farm |
| 19:14 | Construir | Farm |
| 19:17 | Crear | Villager (Male) |
| 19:24 | Construir | House |
| 19:25 | Construir | House |
| 19:34 | Crear | Villager (Male) |
| 19:38 | Construir | Stone Wall |
| 19:39 | Construir | Stone Wall |
| 19:45 | Construir | Farm |
| 19:47 | Construir | Farm |
| 19:48 | Crear | Villager (Male) |
| 19:48 | Crear | Villager (Male) |
| 20:09 | Construir | Stone Wall |
| 20:19 | Crear | Villager (Male) |
| 20:19 | Crear | Villager (Male) |
| 20:22 | Construir | Farm |
| 20:24 | Construir | Farm |
| 20:26 | Construir | Farm |
| 20:27 | Construir | Farm |
| 20:28 | Crear | Villager (Male) |
| 20:30 | Construir | House |
| 20:37 | Construir | Outpost |
| 20:39 | Crear | Villager (Male) |
| 20:47 | Construir | House |
| 20:48 | Construir | House |
Build order — 默默默默默
Primeras 150 de 829 acciones detectadas
| 0:00 | Crear | Villager (Male) |
| 0:01 | Crear | Villager (Male) |
| 0:02 | Construir | House |
| 0:04 | Construir | House |
| 0:15 | Crear | Villager (Male) |
| 0:15 | Crear | Villager (Male) |
| 0:16 | Crear | Villager (Male) |
| 1:24 | Crear | Villager (Male) |
| 2:02 | Crear | Villager (Male) |
| 2:17 | Construir | Lumber Camp |
| 2:22 | Crear | Villager (Male) |
| 2:22 | Crear | Villager (Male) |
| 2:41 | Crear | Villager (Male) |
| 2:42 | Crear | Villager (Male) |
| 3:00 | Crear | Villager (Male) |
| 3:00 | Crear | Villager (Male) |
| 3:44 | Crear | Villager (Male) |
| 3:44 | Crear | Villager (Male) |
| 3:44 | Crear | Villager (Male) |
| 4:14 | Crear | Villager (Male) |
| 4:14 | Crear | Villager (Male) |
| 4:17 | Construir | House |
| 4:40 | Construir | Mill |
| 4:54 | Crear | Villager (Male) |
| 4:54 | Crear | Villager (Male) |
| 5:37 | Crear | Villager (Male) |
| 5:37 | Crear | Villager (Male) |
| 5:47 | Construir | Mill |
| 5:51 | Crear | Villager (Male) |
| 6:12 | Crear | Villager (Male) |
| 6:12 | Crear | Villager (Male) |
| 6:25 | Crear | Villager (Male) |
| 6:28 | Construir | House |
| 7:33 | Construir | Lumber Camp |
| 7:37 | Construir | Mining Camp |
| 7:58 | Crear | Villager (Male) |
| 7:58 | Crear | Villager (Male) |
| 8:04 | Construir | House |
| 8:18 | Crear | Villager (Male) |
| 8:28 | Construir | Farm |
| 8:51 | Construir | Farm |
| 8:53 | Investigar | Feudal Age |
| 8:53 | Investigar | Feudal Age |
| 9:17 | Construir | Barracks |
| 10:58 | Crear | Villager (Male) |
| 10:58 | Crear | Villager (Male) |
| 11:24 | Edad | Edad Feudal |
| 11:25 | Construir | Archery Range |
| 11:31 | Construir | Blacksmith |
| 12:14 | Investigar | Castle Age |
| 12:14 | Investigar | Castle Age |
| 12:25 | Crear | Archer |
| 12:26 | Crear | Archer |
| 12:29 | Construir | House |
| 12:31 | Construir | House |
| 12:37 | Construir | House |
| 12:38 | Construir | House |
| 12:47 | Investigar | Double-Bit Axe |
| 12:48 | Investigar | Double-Bit Axe |
| 13:02 | Construir | House |
| 13:10 | Crear | Archer |
| 13:11 | Crear | Archer |
| 13:48 | Crear | Archer |
| 13:48 | Crear | Archer |
| 13:52 | Investigar | Horse Collar |
| 13:52 | Investigar | Horse Collar |
| 14:04 | Construir | Outpost |
| 14:35 | Construir | Palisade Wall |
| 14:36 | Construir | Palisade Wall |
| 14:37 | Construir | Palisade Wall |
| 14:48 | Construir | House |
| 14:54 | Crear | Villager (Male) |
| 14:54 | Crear | Villager (Male) |
| 14:54 | Edad | Edad de los Castillos |
| 14:57 | Crear | Archer |
| 14:57 | Crear | Archer |
| 14:57 | Crear | Archer |
| 15:06 | Investigar | Town Watch |
| 15:09 | Construir | Town Center |
| 15:26 | Crear | Archer |
| 15:26 | Crear | Archer |
| 15:34 | Construir | House |
| 15:41 | Crear | Villager (Male) |
| 15:43 | Construir | Farm |
| 15:44 | Construir | Farm |
| 15:46 | Construir | Farm |
| 15:47 | Construir | Farm |
| 15:49 | Construir | Farm |
| 15:50 | Construir | Farm |
| 15:52 | Construir | Farm |
| 16:19 | Crear | Villager (Male) |
| 16:20 | Crear | Villager (Male) |
| 16:21 | Construir | Farm |
| 16:22 | Construir | Farm |
| 16:27 | Construir | Farm |
| 16:28 | Construir | Farm |
| 16:31 | Crear | Villager (Male) |
| 16:32 | Crear | Villager (Male) |
| 16:44 | Crear | Archer |
| 16:44 | Crear | Archer |
| 16:54 | Crear | Villager (Male) |
| 17:08 | Construir | Outpost |
| 17:13 | Crear | Villager (Male) |
| 17:13 | Crear | Villager (Male) |
| 17:21 | Construir | Mining Camp |
| 17:24 | Construir | Mining Camp |
| 17:26 | Crear | Villager (Male) |
| 17:26 | Crear | Villager (Male) |
| 17:32 | Crear | Villager (Male) |
| 17:33 | Crear | Villager (Male) |
| 17:42 | Crear | Villager (Male) |
| 17:42 | Crear | Villager (Male) |
| 17:44 | Construir | Farm |
| 17:45 | Construir | Farm |
| 17:50 | Crear | Archer |
| 17:50 | Crear | Archer |
| 17:55 | Crear | Villager (Male) |
| 17:59 | Construir | Farm |
| 18:00 | Construir | Farm |
| 18:03 | Construir | Farm |
| 18:06 | Construir | Farm |
| 18:07 | Construir | Farm |
| 18:07 | Crear | Villager (Male) |
| 18:08 | Crear | Villager (Male) |
| 18:15 | Construir | House |
| 18:17 | Construir | House |
| 18:26 | Crear | Villager (Male) |
| 18:26 | Crear | Villager (Male) |
| 18:32 | Crear | Archer |
| 18:48 | Crear | Villager (Male) |
| 18:49 | Crear | Villager (Male) |
| 18:56 | Crear | Villager (Male) |
| 18:57 | Crear | Villager (Male) |
| 19:02 | Investigar | Fletching |
| 19:03 | Investigar | Fletching |
| 19:06 | Construir | Farm |
| 19:16 | Crear | Villager (Male) |
| 19:16 | Crear | Villager (Male) |
| 19:30 | Investigar | Crossbowman (upgrade) |
| 19:30 | Investigar | Crossbowman (upgrade) |
| 19:40 | Construir | University |
| 19:46 | Construir | House |
| 19:53 | Construir | House |
| 19:53 | Construir | House |
| 20:09 | Investigar | Bodkin Arrow |
| 20:09 | Investigar | Bodkin Arrow |
| 20:16 | Crear | Cavalry Archer |
| 20:16 | Crear | Cavalry Archer |
| 20:24 | Crear | Villager (Male) |
| 20:24 | Crear | Villager (Male) |
Build order — Kevin10_7414
Primeras 150 de 992 acciones detectadas
| 0:00 | Crear | Villager (Male) |
| 0:01 | Crear | Villager (Male) |
| 0:01 | Crear | Villager (Male) |
| 0:02 | Construir | House |
| 0:03 | Construir | House |
| 0:27 | Crear | Villager (Male) |
| 0:27 | Crear | Villager (Male) |
| 1:34 | Crear | Villager (Male) |
| 1:34 | Crear | Villager (Male) |
| 1:34 | Crear | Villager (Male) |
| 1:46 | Construir | Palisade Wall |
| 1:52 | Construir | Lumber Camp |
| 1:57 | Construir | Palisade Wall |
| 2:06 | Construir | Palisade Wall |
| 2:10 | Crear | Villager (Male) |
| 2:10 | Crear | Villager (Male) |
| 2:16 | Construir | Palisade Wall |
| 2:24 | Construir | Palisade Wall |
| 2:29 | Construir | House |
| 2:31 | Construir | Palisade Wall |
| 2:47 | Crear | Villager (Male) |
| 2:47 | Crear | Villager (Male) |
| 2:47 | Crear | Villager (Male) |
| 2:55 | Construir | House |
| 3:00 | Crear | Villager (Male) |
| 3:00 | Crear | Villager (Male) |
| 3:30 | Crear | Villager (Male) |
| 3:31 | Crear | Villager (Male) |
| 4:12 | Crear | Villager (Male) |
| 4:12 | Crear | Villager (Male) |
| 4:38 | Construir | Mill |
| 4:39 | Crear | Villager (Male) |
| 4:40 | Crear | Villager (Male) |
| 4:54 | Crear | Villager (Male) |
| 4:54 | Crear | Villager (Male) |
| 4:54 | Crear | Villager (Male) |
| 5:01 | Crear | Villager (Male) |
| 5:01 | Crear | Villager (Male) |
| 5:30 | Crear | Villager (Male) |
| 5:30 | Crear | Villager (Male) |
| 5:30 | Crear | Villager (Male) |
| 5:30 | Crear | Villager (Male) |
| 5:55 | Crear | Villager (Male) |
| 5:55 | Crear | Villager (Male) |
| 6:08 | Crear | Villager (Male) |
| 6:08 | Crear | Villager (Male) |
| 6:22 | Crear | Villager (Male) |
| 6:22 | Crear | Villager (Male) |
| 6:33 | Construir | Farm |
| 6:34 | Construir | Farm |
| 6:41 | Crear | Villager (Male) |
| 6:41 | Crear | Villager (Male) |
| 6:41 | Crear | Villager (Male) |
| 6:49 | Construir | Farm |
| 7:24 | Construir | Mining Camp |
| 7:46 | Investigar | Feudal Age |
| 8:27 | Construir | House |
| 9:17 | Crear | Villager (Male) |
| 9:17 | Crear | Villager (Male) |
| 9:40 | Crear | Villager (Male) |
| 9:40 | Crear | Villager (Male) |
| 10:01 | Edad | Edad Feudal |
| 10:02 | Crear | Villager (Male) |
| 10:04 | Construir | Market |
| 10:06 | Construir | Blacksmith |
| 11:07 | Investigar | Castle Age |
| 11:39 | Investigar | Double-Bit Axe |
| 12:16 | Investigar | Horse Collar |
| 12:22 | Construir | House |
| 13:01 | Construir | Farm |
| 13:09 | Crear | Villager (Male) |
| 13:11 | Crear | Villager (Male) |
| 13:34 | Edad | Edad de los Castillos |
| 13:37 | Construir | Town Center |
| 13:41 | Construir | Town Center |
| 13:47 | Crear | Villager (Male) |
| 13:52 | Construir | Farm |
| 14:30 | Construir | Farm |
| 14:32 | Construir | Farm |
| 14:36 | Crear | Villager (Male) |
| 15:00 | Crear | Villager (Male) |
| 15:00 | Construir | Farm |
| 15:11 | Crear | Villager (Male) |
| 15:11 | Crear | Villager (Male) |
| 15:15 | Crear | Villager (Male) |
| 15:18 | Construir | Farm |
| 15:20 | Construir | Farm |
| 15:27 | Construir | Farm |
| 15:31 | Construir | Farm |
| 15:35 | Crear | Villager (Male) |
| 15:35 | Crear | Villager (Male) |
| 15:37 | Construir | Farm |
| 15:37 | Construir | Farm |
| 15:40 | Construir | Farm |
| 15:41 | Construir | Farm |
| 15:46 | Crear | Villager (Male) |
| 15:47 | Crear | Villager (Male) |
| 15:48 | Crear | Villager (Male) |
| 15:54 | Crear | Villager (Male) |
| 15:54 | Crear | Villager (Male) |
| 16:02 | Crear | Villager (Male) |
| 16:03 | Crear | Villager (Male) |
| 16:03 | Crear | Villager (Male) |
| 16:03 | Crear | Villager (Male) |
| 16:12 | Construir | Farm |
| 16:14 | Construir | Farm |
| 16:17 | Crear | Villager (Male) |
| 16:17 | Crear | Villager (Male) |
| 16:17 | Crear | Villager (Male) |
| 16:24 | Construir | Farm |
| 16:28 | Construir | House |
| 16:31 | Crear | Villager (Male) |
| 16:38 | Crear | Villager (Male) |
| 16:38 | Crear | Villager (Male) |
| 16:39 | Construir | Farm |
| 16:48 | Construir | House |
| 16:52 | Crear | Villager (Male) |
| 16:53 | Crear | Villager (Male) |
| 16:53 | Crear | Villager (Male) |
| 16:57 | Construir | Farm |
| 17:01 | Construir | Farm |
| 17:03 | Crear | Villager (Male) |
| 17:03 | Crear | Villager (Male) |
| 17:03 | Crear | Villager (Male) |
| 17:11 | Construir | Farm |
| 17:16 | Crear | Villager (Male) |
| 17:16 | Crear | Villager (Male) |
| 17:17 | Crear | Villager (Male) |
| 17:19 | Construir | Farm |
| 17:22 | Construir | House |
| 17:30 | Construir | Farm |
| 17:33 | Crear | Villager (Male) |
| 17:33 | Crear | Villager (Male) |
| 17:33 | Crear | Villager (Male) |
| 17:36 | Construir | Farm |
| 17:36 | Construir | Farm |
| 17:41 | Construir | Farm |
| 17:42 | Crear | Villager (Male) |
| 17:43 | Crear | Villager (Male) |
| 17:43 | Crear | Villager (Male) |
| 17:45 | Crear | Villager (Male) |
| 17:46 | Crear | Villager (Male) |
| 17:46 | Crear | Villager (Male) |
| 17:50 | Construir | Farm |
| 17:51 | Construir | Farm |
| 17:57 | Crear | Villager (Male) |
| 17:57 | Crear | Villager (Male) |
| 18:02 | Construir | Farm |
| 18:04 | Construir | Farm |
| 18:06 | Crear | Villager (Male) |
Cronología de la partida
| 1:46 | Kevin10_7414 · wall_segment Palisade Wall x3 |
| 1:57 | Kevin10_7414 · wall_segment Palisade Wall x3 |
| 2:06 | Kevin10_7414 · wall_segment Palisade Wall x4 |
| 2:16 | Kevin10_7414 · wall_segment Palisade Wall x1 |
| 2:24 | Kevin10_7414 · wall_segment Palisade Wall x2 |
| 2:31 | Kevin10_7414 · wall_segment Palisade Wall x1 |
| 5:44 | Elefante Elegante · wall_segment Palisade Wall x1 |
| 5:47 | Elefante Elegante · wall_segment Palisade Wall x1 |
| 5:49 | Elefante Elegante · wall_segment Palisade Wall x1 |
| 5:52 | Elefante Elegante · wall_segment Palisade Wall x1 |
| 5:56 | Elefante Elegante · wall_segment Palisade Wall x1 |
| 6:00 | Elefante Elegante · wall_segment Palisade Wall x1 |
| 6:03 | Elefante Elegante · wall_segment Palisade Wall x1 |
| 6:08 | Elefante Elegante · wall_segment Palisade Wall x1 |
| 9:17 | 默默默默默 · first_building Barracks |
| 10:01 | Kevin10_7414 · age_up feudal |
| 10:55 | Elefante Elegante · age_up feudal |
| 10:56 | Sessagesimale · age_up feudal |
| 11:21 | Kevin的下分小幫手 · age_up feudal |
| 11:21 | FUFU · age_up feudal |
| 11:24 | 默默默默默 · age_up feudal |
| 11:25 | Monesi28 · age_up feudal |
| 11:25 | 默默默默默 · first_building Archery Range |
| 11:46 | MiMitraglietta · age_up feudal |
| 13:34 | Kevin10_7414 · age_up castle |
| 14:30 | Sessagesimale · age_up castle |
| 14:35 | 默默默默默 · wall_segment Palisade Wall x1 |
| 14:36 | 默默默默默 · wall_segment Palisade Wall x1 |
| 14:37 | 默默默默默 · wall_segment Palisade Wall x1 |
| 14:37 | Elefante Elegante · age_up castle |
| 14:51 | FUFU · age_up castle |
| 14:54 | 默默默默默 · age_up castle |
| 14:55 | Kevin的下分小幫手 · age_up castle |
| 14:59 | Monesi28 · age_up castle |
| 15:02 | Kevin的下分小幫手 · first_building Castle |
| 15:20 | MiMitraglietta · age_up castle |
| 15:25 | MiMitraglietta · first_building Castle |
| 16:04 | Sessagesimale · first_market_buy 100 wood |
| 17:04 | Monesi28 · first_market_buy 100 wood |
| 17:13 | Monesi28 · first_building Siege Workshop |
| 18:17 | Kevin的下分小幫手 · first_building Monastery |
| 18:56 | Monesi28 · wall_segment Stone Wall x5 |
| 19:38 | Monesi28 · wall_segment Stone Wall x1 |
| 19:39 | Monesi28 · wall_segment Stone Wall x1 |
| 20:09 | Monesi28 · wall_segment Stone Wall x1 |
| 20:42 | Sessagesimale · first_building Siege Workshop |
| 21:47 | FUFU · first_building Monastery |
| 21:59 | Kevin10_7414 · first_building Monastery |
| 22:04 | MiMitraglietta · first_market_buy 100 wood |
| 22:31 | Elefante Elegante · first_building Siege Workshop |
| 23:08 | Monesi28 · wall_segment Stone Wall x6 |
| 23:14 | MiMitraglietta · first_building Barracks |
| 23:34 | FUFU · first_building Castle |
| 23:40 | Elefante Elegante · first_building Monastery |
| 24:01 | Sessagesimale · first_building Monastery |
| 24:37 | Kevin10_7414 · first_building Barracks |
| 24:47 | FUFU · first_building Barracks |
| 24:51 | Kevin的下分小幫手 · first_market_buy 100 food |
| 24:57 | Sessagesimale · first_market_sell 100 wood |
| 25:05 | Monesi28 · first_building Castle |
| 25:10 | Kevin10_7414 · first_building Castle |
| 25:22 | Elefante Elegante · first_building Castle |
| 25:24 | Monesi28 · first_market_sell 100 wood |
| 25:26 | FUFU · first_building Stable |
| 25:32 | Sessagesimale · first_building Barracks |
| 25:44 | Kevin10_7414 · first_building Stable |
| 26:14 | 默默默默默 · first_building Stable |
| 26:20 | Monesi28 · first_building Monastery |
| 26:31 | Kevin的下分小幫手 · first_building Siege Workshop |
| 27:05 | Elefante Elegante · first_building Barracks |
| 27:16 | Monesi28 · wall_segment Stone Wall x1 |
| 27:17 | Monesi28 · wall_segment Stone Wall x1 |
| 27:21 | Kevin10_7414 · age_up imperial |
| 27:31 | FUFU · age_up imperial |
| 27:40 | Elefante Elegante · first_building Stable |
| 27:50 | FUFU · first_market_sell 500 wood |
| 28:02 | Kevin的下分小幫手 · age_up imperial |
| 28:04 | Elefante Elegante · age_up imperial |
| 28:04 | Kevin10_7414 · first_market_sell 100 wood |
| 28:09 | Sessagesimale · age_up imperial |
| 28:12 | Kevin的下分小幫手 · first_market_sell 100 food |
| 28:27 | MiMitraglietta · first_market_sell 100 wood |
| 28:44 | Monesi28 · age_up imperial |
| 29:08 | Sessagesimale · first_building Castle |
| 29:17 | Kevin10_7414 · first_building Archery Range |
| 29:51 | MiMitraglietta · first_building Archery Range |
| 29:58 | 默默默默默 · first_building Siege Workshop |
| 30:32 | Sessagesimale · wall_segment Stone Wall x1 |
| 31:25 | Monesi28 · first_building Barracks |
| 31:42 | MiMitraglietta · age_up imperial |
| 31:53 | Kevin10_7414 · first_building Siege Workshop |
| 32:44 | MiMitraglietta · first_building Siege Workshop |
| 33:15 | 默默默默默 · first_building Castle |
| 33:49 | 默默默默默 · age_up imperial |
| 33:54 | Elefante Elegante · first_market_sell 100 wood |
| 34:58 | 默默默默默 · first_market_buy 100 wood |
| 39:43 | Monesi28 · wall_segment Stone Wall x21 |
| 39:49 | Monesi28 · wall_segment Stone Wall x14 |
| 40:12 | FUFU · first_building Siege Workshop |
| 40:20 | Monesi28 · wall_segment Stone Wall x9 |
| 40:33 | Monesi28 · wall_segment Stone Wall x4 |
| 41:20 | Monesi28 · wall_segment Stone Wall x10 |
| 42:11 | Monesi28 · first_building Archery Range |
| 42:27 | Monesi28 · wall_segment Stone Wall x6 |
| 42:59 | Monesi28 · wall_segment Stone Wall x13 |
| 43:19 | Kevin10_7414 · tribute_sent a jugador 1 |
| 43:19 | Kevin10_7414 · tribute_sent a jugador 2 |
| 43:19 | Kevin10_7414 · tribute_sent a jugador 3 |
| 43:19 | Kevin10_7414 · tribute_sent a jugador 4 |
| 43:19 | Kevin10_7414 · tribute_sent a jugador 5 |
| 43:19 | Kevin10_7414 · tribute_sent a jugador 6 |
| 43:19 | Kevin10_7414 · tribute_sent a jugador 7 |
| 43:21 | FUFU · first_market_buy 500 wood |
| 43:28 | 默默默默默 · first_market_sell 500 wood |
| 43:50 | FUFU · wall_segment Stone Wall x32 |
| 47:35 | Kevin的下分小幫手 · tribute_sent a jugador 1 |
| 47:35 | Kevin的下分小幫手 · tribute_sent a jugador 3 |
| 47:35 | Kevin的下分小幫手 · tribute_sent a jugador 4 |
| 47:35 | Kevin的下分小幫手 · tribute_sent a jugador 5 |
| 47:35 | Kevin的下分小幫手 · tribute_sent a jugador 6 |
| 47:35 | Kevin的下分小幫手 · tribute_sent a jugador 7 |
| 47:35 | Kevin的下分小幫手 · tribute_sent a jugador 8 |
| 47:49 | Monesi28 · wall_segment Stone Wall x1 |
| 49:07 | Kevin10_7414 · first_market_buy 100 wood |
| 49:13 | Kevin的下分小幫手 · tribute_sent a jugador 1 |
| 49:13 | Kevin的下分小幫手 · tribute_sent a jugador 3 |
| 49:13 | Kevin的下分小幫手 · tribute_sent a jugador 4 |
| 49:13 | Kevin的下分小幫手 · tribute_sent a jugador 5 |
| 49:13 | Kevin的下分小幫手 · tribute_sent a jugador 6 |
| 49:13 | Kevin的下分小幫手 · tribute_sent a jugador 7 |
| 49:13 | Kevin的下分小幫手 · tribute_sent a jugador 8 |
| 50:42 | Elefante Elegante · first_market_buy 100 food |
| 50:45 | Kevin10_7414 · tribute_sent a jugador 1 |
| 50:45 | Kevin10_7414 · tribute_sent a jugador 2 |
| 50:45 | Kevin10_7414 · tribute_sent a jugador 3 |
| 50:45 | Kevin10_7414 · tribute_sent a jugador 4 |
| 50:45 | Kevin10_7414 · tribute_sent a jugador 5 |
| 50:45 | Kevin10_7414 · tribute_sent a jugador 6 |
| 50:45 | Kevin10_7414 · tribute_sent a jugador 7 |
| 51:29 | Kevin的下分小幫手 · tribute_sent a jugador 1 |
| 51:29 | Kevin的下分小幫手 · tribute_sent a jugador 3 |
| 51:29 | Kevin的下分小幫手 · tribute_sent a jugador 4 |
| 51:29 | Kevin的下分小幫手 · tribute_sent a jugador 5 |
| 51:29 | Kevin的下分小幫手 · tribute_sent a jugador 6 |
| 51:29 | Kevin的下分小幫手 · tribute_sent a jugador 7 |
| 51:29 | Kevin的下分小幫手 · tribute_sent a jugador 8 |
| 51:56 | MiMitraglietta · tribute_sent a jugador 2 |
| 51:56 | MiMitraglietta · tribute_sent a jugador 3 |
| 51:56 | MiMitraglietta · tribute_sent a jugador 4 |
| 51:56 | MiMitraglietta · tribute_sent a jugador 5 |
| 51:56 | MiMitraglietta · tribute_sent a jugador 6 |
| 51:56 | MiMitraglietta · tribute_sent a jugador 7 |
| 51:56 | MiMitraglietta · tribute_sent a jugador 8 |
| 52:13 | 默默默默默 · tribute_sent a jugador 1 |
| 52:13 | 默默默默默 · tribute_sent a jugador 2 |
| 52:13 | 默默默默默 · tribute_sent a jugador 3 |
| 52:13 | 默默默默默 · tribute_sent a jugador 4 |
| 52:13 | 默默默默默 · tribute_sent a jugador 5 |
| 52:13 | 默默默默默 · tribute_sent a jugador 7 |
| 52:13 | 默默默默默 · tribute_sent a jugador 8 |
| 52:52 | Elefante Elegante · tribute_sent a jugador 1 |
| 52:52 | Elefante Elegante · tribute_sent a jugador 2 |
| 52:52 | Elefante Elegante · tribute_sent a jugador 3 |
| 52:52 | Elefante Elegante · tribute_sent a jugador 4 |
| 52:52 | Elefante Elegante · tribute_sent a jugador 5 |
| 52:52 | Elefante Elegante · tribute_sent a jugador 6 |
| 52:52 | Elefante Elegante · tribute_sent a jugador 8 |
| 55:40 | Kevin的下分小幫手 · first_building Barracks |
| 55:59 | Kevin10_7414 · tribute_sent a jugador 1 |
| 55:59 | Kevin10_7414 · tribute_sent a jugador 2 |
| 55:59 | Kevin10_7414 · tribute_sent a jugador 3 |
| 55:59 | Kevin10_7414 · tribute_sent a jugador 4 |
| 55:59 | Kevin10_7414 · tribute_sent a jugador 5 |
| 55:59 | Kevin10_7414 · tribute_sent a jugador 6 |
| 55:59 | Kevin10_7414 · tribute_sent a jugador 7 |
| 56:15 | Elefante Elegante · tribute_sent a jugador 1 |
| 56:15 | Elefante Elegante · tribute_sent a jugador 2 |
| 56:15 | Elefante Elegante · tribute_sent a jugador 3 |
| 56:15 | Elefante Elegante · tribute_sent a jugador 4 |
| 56:15 | Elefante Elegante · tribute_sent a jugador 5 |
| 56:15 | Elefante Elegante · tribute_sent a jugador 6 |
| 56:15 | Elefante Elegante · tribute_sent a jugador 8 |
| 56:33 | 默默默默默 · wall_segment Stone Wall x6 |
| 56:33 | Sessagesimale · tribute_sent a jugador 1 |
| 56:33 | Sessagesimale · tribute_sent a jugador 2 |
| 56:33 | Sessagesimale · tribute_sent a jugador 4 |
| 56:33 | Sessagesimale · tribute_sent a jugador 5 |
| 56:33 | Sessagesimale · tribute_sent a jugador 6 |
| 56:33 | Sessagesimale · tribute_sent a jugador 7 |
| 56:33 | Sessagesimale · tribute_sent a jugador 8 |
| 56:41 | 默默默默默 · wall_segment Stone Wall x3 |
| 58:18 | MiMitraglietta · tribute_sent a jugador 2 |
| 58:18 | MiMitraglietta · tribute_sent a jugador 3 |
| 58:18 | MiMitraglietta · tribute_sent a jugador 4 |
| 58:18 | MiMitraglietta · tribute_sent a jugador 5 |
| 58:18 | MiMitraglietta · tribute_sent a jugador 6 |
| 58:18 | MiMitraglietta · tribute_sent a jugador 7 |
| 58:18 | MiMitraglietta · tribute_sent a jugador 8 |
| 58:30 | Elefante Elegante · tribute_sent a jugador 1 |
| 58:30 | Elefante Elegante · tribute_sent a jugador 2 |
| 58:30 | Elefante Elegante · tribute_sent a jugador 3 |
| 58:30 | Elefante Elegante · tribute_sent a jugador 4 |
| 58:30 | Elefante Elegante · tribute_sent a jugador 5 |
| 58:30 | Elefante Elegante · tribute_sent a jugador 6 |
| 58:30 | Elefante Elegante · tribute_sent a jugador 8 |
| 59:06 | MiMitraglietta · tribute_sent a jugador 2 |
| 59:06 | MiMitraglietta · tribute_sent a jugador 3 |
| 59:06 | MiMitraglietta · tribute_sent a jugador 4 |
| 59:06 | MiMitraglietta · tribute_sent a jugador 5 |
| 59:06 | MiMitraglietta · tribute_sent a jugador 6 |
| 59:06 | MiMitraglietta · tribute_sent a jugador 7 |
| 59:06 | MiMitraglietta · tribute_sent a jugador 8 |
| 59:14 | 默默默默默 · wall_segment Stone Wall x1 |
| 59:35 | Sessagesimale · tribute_sent a jugador 1 |
| 59:35 | Sessagesimale · tribute_sent a jugador 2 |
| 59:35 | Sessagesimale · tribute_sent a jugador 4 |
| 59:35 | Sessagesimale · tribute_sent a jugador 5 |
| 59:35 | Sessagesimale · tribute_sent a jugador 6 |
| 59:35 | Sessagesimale · tribute_sent a jugador 7 |
| 59:35 | Sessagesimale · tribute_sent a jugador 8 |
| 60:03 | Monesi28 · first_building Stable |
| 60:09 | MiMitraglietta · tribute_sent a jugador 2 |
| 60:09 | MiMitraglietta · tribute_sent a jugador 3 |
| 60:09 | MiMitraglietta · tribute_sent a jugador 4 |
| 60:09 | MiMitraglietta · tribute_sent a jugador 5 |
| 60:09 | MiMitraglietta · tribute_sent a jugador 6 |
| 60:09 | MiMitraglietta · tribute_sent a jugador 7 |
| 60:09 | MiMitraglietta · tribute_sent a jugador 8 |
| 60:40 | Elefante Elegante · tribute_sent a jugador 1 |
| 60:40 | Elefante Elegante · tribute_sent a jugador 2 |
| 60:40 | Elefante Elegante · tribute_sent a jugador 3 |
| 60:40 | Elefante Elegante · tribute_sent a jugador 4 |
| 60:40 | Elefante Elegante · tribute_sent a jugador 5 |
| 60:40 | Elefante Elegante · tribute_sent a jugador 6 |
| 60:40 | Elefante Elegante · tribute_sent a jugador 8 |
| 61:05 | Elefante Elegante · tribute_sent a jugador 1 |
| 61:05 | Elefante Elegante · tribute_sent a jugador 2 |
| 61:05 | Elefante Elegante · tribute_sent a jugador 3 |
| 61:05 | Elefante Elegante · tribute_sent a jugador 4 |
| 61:05 | Elefante Elegante · tribute_sent a jugador 5 |
| 61:05 | Elefante Elegante · tribute_sent a jugador 6 |
| 61:05 | Elefante Elegante · tribute_sent a jugador 8 |
| 61:41 | Sessagesimale · tribute_sent a jugador 1 |
| 61:41 | Sessagesimale · tribute_sent a jugador 2 |
| 61:41 | Sessagesimale · tribute_sent a jugador 4 |
| 61:41 | Sessagesimale · tribute_sent a jugador 5 |
| 61:41 | Sessagesimale · tribute_sent a jugador 6 |
| 61:41 | Sessagesimale · tribute_sent a jugador 7 |
| 61:41 | Sessagesimale · tribute_sent a jugador 8 |
| 61:54 | MiMitraglietta · first_building Stable |
| 63:08 | Sessagesimale · wall_segment Stone Wall x1 |
| 63:45 | MiMitraglietta · tribute_sent a jugador 2 |
| 63:45 | MiMitraglietta · tribute_sent a jugador 3 |
| 63:45 | MiMitraglietta · tribute_sent a jugador 4 |
| 63:45 | MiMitraglietta · tribute_sent a jugador 5 |
| 63:45 | MiMitraglietta · tribute_sent a jugador 6 |
| 63:45 | MiMitraglietta · tribute_sent a jugador 7 |
| 63:45 | MiMitraglietta · tribute_sent a jugador 8 |
| 65:13 | 默默默默默 · wall_segment Stone Wall x3 |
| 65:15 | 默默默默默 · wall_segment Stone Wall x8 |
| 65:21 | 默默默默默 · wall_segment Stone Wall x1 |
| 65:25 | 默默默默默 · wall_segment Stone Wall x13 |
| 65:43 | Elefante Elegante · tribute_sent a jugador 1 |
| 65:43 | Elefante Elegante · tribute_sent a jugador 2 |
| 65:43 | Elefante Elegante · tribute_sent a jugador 3 |
| 65:43 | Elefante Elegante · tribute_sent a jugador 4 |
| 65:43 | Elefante Elegante · tribute_sent a jugador 5 |
| 65:43 | Elefante Elegante · tribute_sent a jugador 6 |
| 65:43 | Elefante Elegante · tribute_sent a jugador 8 |
| 65:46 | Kevin的下分小幫手 · wall_segment Stone Wall x11 |
| 67:01 | FUFU · resign |
| 67:16 | Sessagesimale · wall_segment Stone Wall x1 |
[ ANÁLISIS IA · 1 CRÉDITO ]
¿Qué pasó realmente en esta partida?
Wolo.gg analiza cada decisión: build order, eco, micro, errores típicos por bracket. Análisis personalizado por WhatsApp o Discord en 30 segundos.
Guía civ
Yurchen
Perfil
Elefante Elegante